[Event "Titled Tuesday Blitz February 14 Early 2023"]
[White "Rose, Felix"]
[Black "Melian, Juan Sebastian"]
[WhiteFideId "5105722"]
[BlackFideId "3706575"]
[WhiteElo "2091"]
[BlackElo "2293"]
[Result "0-1"]
[Round "03"]
[TimeControl "180+2"]
[Date "2023.02.15"]
[WhiteClock "0:00:43"]
[BlackClock "0:00:05"]

1. d4 g6 2. e4 Bg7 3. Nf3 d6 4. Nc3 Nc6 5. h3 Nf6 6. Be3 O-O 7. Be2 a6 8. a4 e5 9. d5 Ne7 10. Nd2 c6 11. Nc4 cxd5 12. exd5 Bf5 13. Nb6 Rb8 14. a5 Ne8 15. Qd2 Nc8 16. O-O Bd7 17. b4 f5 18. f4 exf4 19. Rxf4 Nf6 20. Nxc8 Rxc8 21. Ra3 Re8 22. Bb6 Qe7 23. Bf1 Bh6 24. Qf2 Bxf4 25. Qxf4 Qe5 26. Qh6 Rxc3 27. Rxc3 Qxc3 28. Qg5 Nxd5 29. Bf2 Ne3 30. Bd3 Nd5 31. b5 axb5 32. Bxb5 Bxb5 0-1


[Site "https://www.chess.com"]

[Event "Titled Tuesday Blitz February 14 Early 2023"]
[White "Bas Mas, Jose Joaquin"]
[Black "Prudnykova, Olga"]
[WhiteFideId "22219064"]
[BlackFideId "14121093"]
[WhiteElo "2197"]
[BlackElo "2268"]
[Result "1/2-1/2"]
[Round "03"]
[TimeControl "180+2"]
[Date "2023.02.15"]
[WhiteClock "0:00:26"]
[BlackClock "0:00:22"]

1. e4 c5 2. Nc3 a6 3. g3 b5 4. Bg2 Bb7 5. Nh3 e6 6. d3 Nc6 7. O-O Be7 8. f4 Nd4 9. Ne2 Nxe2+ 10. Qxe2 Qc7 11. Nf2 Nf6 12. g4 h6 13. a4 b4 14. b3 O-O-O 15. Bb2 d5 16. e5 Nd7 17. c3 Kb8 18. Rac1 Qb6 19. h3 g5 20. f5 h5 21. f6 Bf8 22. c4 d4 23. Rce1 Bxg2 24. Kxg2 hxg4 25. Nxg4 Bh6 26. Bc1 Rdg8 27. Qe4 Nf8 28. Bd2 Ng6 29. a5 Qb7 30. Qxb7+ Kxb7 31. Kh2 Nh4 32. Re4 Bf8 33. Kg3 Nf5+ 34. Kg2 Nh4+ 35. Kg1 Nf5 36. Rf3 Rh5 37. Nf2 Bh6 38. Rg4 Nh4 39. Rfg3 Ng6 40. Re4 Nh4 41. Ng4 Bf8 42. Kf2 Nf5 43. Rf3 Nh4 44. Rg3 Nf5 45. Rf3 Nh4 46. Rg3 1/2-1/2


[Site "https://www.chess.com"]

[Event "Titled Tuesday Blitz February 14 Early 2023"]
[White "Sovetov, Oleksandr"]
[Black "Makhmudov, Shukhrat"]
[WhiteFideId "34105786"]
[BlackFideId "14200775"]
[WhiteElo "1976"]
[BlackElo "2115"]
[Result "1-0"]
[Round "03"]
[TimeControl "180+2"]
[Date "2023.02.15"]
[WhiteClock "0:00:11"]
[BlackClock "0:00:07"]

1. Nf3 Nf6 2. c4 e6 3. e3 d5 4. b3 Be7 5. Bb2 O-O 6. Nc3 c6 7. Qc2 Nbd7 8. Rg1 Nc5 9. g4 Nfe4 10. g5 Nxc3 11. Qxc3 f6 12. cxd5 Ne4 13. Qc2 cxd5 14. Bd3 e5 15. Bxe4 dxe4 16. gxf6 Bxf6 17. Qxe4 Qa5 18. Nxe5 Re8 19. Qc4+ Be6 20. Qf4 Rad8 21. Bc3 Bxe5 22. Qxe5 Qxe5 23. Bxe5 g6 24. f4 Bf5 25. h4 h5 26. Rc1 Rc8 27. Ke2 Rcd8 28. Rc7 Be4 29. Rg7+ Kf8 30. Rc1 Rxe5 31. Rcc7 Rf5 32. Rh7 Ke8 33. Rce7+ Kf8 34. Rxe4 Rfd5 35. d4 R8d7 36. Rxd7 Rxd7 37. Re5 Kf7 38. Kd3 b6 39. a4 Rc7 40. Kd2 Rc8 41. f5 Rg8 42. fxg6+ Rxg6 43. Rxh5 Rg2+ 44. Kc3 Kg6 45. Rg5+ Rxg5 46. hxg5 1-0


[Site "https://www.chess.com"]

[Event "Titled Tuesday Blitz February 14 Early 2023"]
[White "Kornyukov, Alexey"]
[Black "Sekar, B"]
[WhiteFideId "4150457"]
[BlackFideId "5043743"]
[WhiteElo "2452"]
[BlackElo "2333"]
[Result "0-1"]
[Round "03"]
[TimeControl "180+2"]
[Date "2023.02.15"]
[WhiteClock "0:01:14"]
[BlackClock "0:01:43"]

1. e4 c5 2. Nf3 d6 3. c3 Nf6 4. Be2 g6 5. O-O Bg7 6. d3 O-O 7. Be3 Nc6 8. Nbd2 e5 9. d4 cxd4 10. cxd4 d5 11. dxe5 Nxe4 12. Nxe4 dxe4 13. Nd2 Qd5 14. Bf4 Bxe5 15. Bxe5 Qxe5 16. Nc4 Qe7 17. Ne3 Be6 18. Qc2 Nd4 19. Qd2 Rfd8 20. Qe1 f5 21. f3 f4 22. Nd1 Nc2 23. Qc3 Nxa1 24. fxe4 Rac8 25. Qb3 Bxb3 0-1


[Site "https://www.chess.com"]

[Event "Titled Tuesday Blitz February 14 Early 2023"]
[White "Manukyan, Artyom"]
[Black "Gedgafov, Chamal"]
[WhiteFideId "13305786"]
[BlackFideId "34130621"]
[WhiteElo "2110"]
[BlackElo "2118"]
[Result "1-0"]
[Round "03"]
[TimeControl "180+2"]
[Date "2023.02.15"]
[WhiteClock "0:00:57"]
[BlackClock "0:00:17"]

1. e4 e6 2. d4 d5 3. Bd3 c5 4. exd5 exd5 5. c3 c4 6. Bc2 Nf6 7. Nf3 Be7 8. Nbd2 O-O 9. O-O Bg4 10. Re1 Nc6 11. Nf1 Re8 12. Ng3 h6 13. h3 Bd7 14. Bf4 Bf8 15. Qd2 b5 16. a3 a5 17. Rxe8 Qxe8 18. Re1 Qd8 19. Ne5 b4 20. axb4 axb4 21. Bb1 bxc3 22. bxc3 Ra3 23. Qc2 Be8 24. Ng4 g6 25. Bc7 Qxc7 26. Nxf6+ Kh8 27. Nxe8 Qa5 28. Re3 h5 29. Nxh5 Bh6 30. f4 Ra1 31. Nef6 Qb6 32. Re8+ 1-0


[Site "https://www.chess.com"]

[Event "Titled Tuesday Blitz February 14 Early 2023"]
[White "Taboas Rodriguez, Daniel"]
[Black "Alahakoon, Isuru"]
[WhiteFideId "2208466"]
[BlackFideId "9900993"]
[WhiteElo "2371"]
[BlackElo "1819"]
[Result "1/2-1/2"]
[Round "03"]
[TimeControl "180+2"]
[Date "2023.02.15"]
[WhiteClock "0:00:14"]
[BlackClock "0:00:11"]

1. d4 d5 2. Nf3 Bf5 3. c4 e6 4. Nc3 Nc6 5. Bf4 Nf6 6. e3 Bd6 7. Bxd6 Qxd6 8. Bd3 dxc4 9. Bxc4 O-O 10. O-O Rad8 11. Rc1 a6 12. h3 Rfe8 13. Qe2 Ne4 14. Rfd1 Qe7 15. Bd3 Nxc3 16. Rxc3 Bxd3 17. Rdxd3 e5 18. dxe5 Nxe5 19. Nxe5 Qxe5 20. Qc2 c6 21. a4 g6 22. b4 Rd5 23. Rxd5 Qxd5 24. Rd3 Qe4 25. Qd2 Qe5 26. a5 Kg7 27. Rc3 Re6 28. Rc5 Qd6 29. Qc3+ f6 30. h4 Re4 31. g3 h5 32. Kg2 Qd1 33. Rc4 Qd5 34. Rxe4 Qxe4+ 35. f3 Qd5 36. e4 Qd6 37. Kf2 Kf7 38. f4 Ke7 39. Qc5 Ke6 40. Qc4+ Ke7 41. Ke2 Qd7 42. Qc5+ Kf7 43. Qb6 Qg4+ 44. Kf2 Qd7 45. Ke3 Ke6 46. Qd4 Qd6 47. f5+ gxf5 48. exf5+ Ke7 49. Qxd6+ Kxd6 50. Kd4 Kd7 51. Ke4 Ke7 52. Kf4 Kd6 53. g4 hxg4 54. h5 Ke7 55. Kxg4 Kf7 56. h6 Kg8 57. Kh4 Kh8 58. Kg4 Kg8 59. Kh4 Kh8 60. Kg4 Kg8 1/2-1/2


[Site "https://www.chess.com"]

[Event "Titled Tuesday Blitz February 14 Early 2023"]
[White "Cueto, Jonny"]
[Black "Baches Garcia, Guillermo"]
[WhiteFideId "3300145"]
[BlackFideId "2209764"]
[WhiteElo "2122"]
[BlackElo "2327"]
[Result "0-1"]
[Round "03"]
[TimeControl "180+2"]
[Date "2023.02.15"]
[WhiteClock "0:00:24"]
[BlackClock "0:00:18"]

1. d4 Nf6 2. Nf3 e6 3. c4 d5 4. g3 Be7 5. Bg2 O-O 6. O-O dxc4 7. Qc2 a6 8. a4 Bd7 9. Nc3 c5 10. Rd1 cxd4 11. Nxd4 Qc7 12. a5 Nc6 13. Ne4 Nxa5 14. Bg5 Nd5 15. Bxe7 Nxe7 16. Ng5 Ng6 17. h4 Rfd8 18. h5 Nf8 19. Be4 g6 20. hxg6 hxg6 21. Kg2 Bc6 22. Nxc6 Nxc6 23. Qxc4 Qe5 24. Nf3 Qxb2 25. Bxc6 bxc6 26. Rh1 a5 27. Ng5 a4 28. Qf4 Qg7 29. Rxa4 Rxa4 30. Qxa4 c5 31. Qh4 Rd5 32. Nf3 Rh5 33. Qe7 Rxh1 34. Kxh1 Qc3 35. Kg2 Qg7 36. Ng5 f5 37. Qxc5 Qb7+ 38. f3 Qd7 39. Qc4 Qd6 40. Qh4 Qe7 41. Qh6 Qg7 42. Qh4 Qf6 43. Qf4 e5 44. Qc4+ Kg7 45. Nh3 e4 46. Qc7+ Qf7 47. Qe5+ Qf6 48. Qc5 exf3+ 49. exf3 Ne6 50. Qa7+ Qf7 51. Qa1+ Qf6 52. Qh1 Qb2+ 53. Nf2 Nd4 54. Qh4 Qd2 55. Qe7+ Kg8 56. Qe8+ Kg7 57. Qd7+ Kg8 58. Qd5+ Kg7 59. g4 fxg4 60. Qe5+ Kg8 61. fxg4 Nc2 62. Qe6+ Kg7 63. Qe7+ Kg8 64. Qe8+ Kg7 65. Qe7+ Kg8 66. g5 Ne3+ 67. Kg3 Nf1+ 68. Kg2 Ne3+ 69. Kf3 Nd1 70. Qe8+ Kg7 71. Qe7+ Kg8 72. Qe8+ Kg7 73. Nxd1 Qxd1+ 74. Qe2 Qb3+ 75. Qe3 Qd5+ 76. Qe4 Qxg5 77. Qf4 Qf6 78. Qxf6+ Kxf6 79. Kg4 g5 80. Kg3 Kg6 81. Kg4 Kf6 82. Kg3 Kf5 83. Kf3 g4+ 84. Kg3 Kg5 85. Kg2 Kf4 86. Kf2 g3+ 87. Kg2 Kg4 88. Kg1 Kf3 89. Kf1 Kg4 90. Kg2 Kh4 91. Kh1 Kh3 92. Kg1 Kg4 93. Kg2 Kf4 94. Kf1 Kf3 95. Kg1 g2 96. Kh2 Kf2 97. Kh3 g1=Q 98. Kh4 Qg3+ 99. Kh5 Kf3 100. Kh6 Kf4 101. Kh7 Kf5 0-1


[Site "https://www.chess.com"]

[Event "Titled Tuesday Blitz February 14 Early 2023"]
[White "Orujov, Elshad"]
[Black "Goltseva, Ekaterina"]
[WhiteFideId "13403540"]
[BlackFideId "24173770"]
[WhiteElo "2304"]
[BlackElo "2283"]
[Result "0-1"]
[Round "03"]
[TimeControl "180+2"]
[Date "2023.02.15"]
[WhiteClock "0:00:01"]
[BlackClock "0:00:04"]

1. e4 c5 2. Nf3 e6 3. d4 cxd4 4. Nxd4 Nf6 5. Nc3 Nc6 6. Ndb5 Bc5 7. Nd6+ Ke7 8. Bf4 e5 9. Nf5+ Kf8 10. Be3 Bb4 11. Bd3 d5 12. exd5 Nxd5 13. O-O Bxf5 14. Nxd5 Bxd3 15. Qxd3 Be7 16. Rad1 Qd6 17. c3 Rd8 18. b4 b6 19. Qe2 Qg6 20. Nxe7 Kxe7 21. Qa6 Rxd1 22. Rxd1 Rd8 23. Qb7+ Ke8 24. Re1 Rd7 25. Qc8+ Rd8 26. Qc7 Rd7 27. Qc8+ Rd8 28. Qa6 Qe6 29. h3 f6 30. Qb5 Kf7 31. a4 Rd7 32. a5 Rd5 33. Qa6 bxa5 0-1


[Site "https://www.chess.com"]

[Event "Titled Tuesday Blitz February 14 Early 2023"]
[White "Zacurdajev, Dmitry"]
[Black "Rosh Jain"]
[WhiteFideId "4196309"]
[BlackFideId "25789465"]
[WhiteElo "2273"]
[BlackElo "2248"]
[Result "1-0"]
[Round "03"]
[TimeControl "180+2"]
[Date "2023.02.15"]
[WhiteClock "0:00:08"]
[BlackClock "0:00:01"]

1. d4 d5 2. c4 e6 3. Nc3 Nf6 4. Nf3 Be7 5. Bf4 O-O 6. e3 b6 7. cxd5 Nxd5 8. Nxd5 Qxd5 9. Be2 Bb7 10. O-O c5 11. dxc5 Bxc5 12. b3 Nd7 13. Bc4 Qxd1 14. Rfxd1 Nf6 15. Ne5 Rfd8 16. h3 h6 17. Rd3 Bd5 18. Rad1 Re8 19. Bb5 Re7 20. Nc6 Rb7 21. Ne5 a6 22. Bc6 Re7 23. Bxa8 Bxa8 24. Nd7 Nd5 25. Nxc5 bxc5 26. Bd6 Re8 27. Bxc5 Rc8 28. b4 a5 29. a3 axb4 30. axb4 Bc6 31. e4 Nf6 32. Rd8+ Rxd8 33. Rxd8+ Kh7 34. Rb8 Nxe4 35. Bd4 Nd6 36. Be5 Nb5 37. Rb6 Be8 38. Kf1 Kg6 39. Ke2 f6 40. Rxe6 Bf7 41. Rb6 Kf5 42. Rxb5 Bc4+ 43. Ke3 Bxb5 44. Bd6 g5 45. g4+ Ke6 46. Bf8 Bf1 47. Bxh6 Bxh3 48. f3 Bf1 49. Bf8 Kf7 50. Bc5 Ke6 51. Bb6 Bb5 52. Bc7 Ba6 53. f4 gxf4+ 54. Kxf4 Be2 55. Bd8 Kf7 56. Kf5 Bd3+ 57. Kf4 Be2 58. Ke4 Bxg4 59. b5 Ke6 60. b6 Bh3 61. Kf3 1-0


[Site "https://www.chess.com"]

[Event "Titled Tuesday Blitz February 14 Early 2023"]
[White "EdmundPlayer"]
[Black "Mujumdar, Sameer"]
[BlackFideId "2029707"]
[WhiteElo "2246"]
[BlackElo "1992"]
[Result "0-1"]
[Round "03"]
[TimeControl "180+2"]
[Date "2023.02.15"]
[WhiteClock "0:00:04"]
[BlackClock "0:01:13"]

1. e4 c5 2. Nf3 d6 3. d4 cxd4 4. Nxd4 Nf6 5. Nc3 a6 6. h3 e5 7. Nde2 h5 8. Bg5 Be6 9. Bxf6 Qxf6 10. Nd5 Qd8 11. Nec3 Nd7 12. Bc4 Rc8 13. Bb3 g6 14. Qe2 Bh6 15. Rd1 Nc5 16. O-O O-O 17. Ne3 b5 18. Ncd5 Kg7 19. f3 Qg5 20. Kh2 Rcd8 21. c3 h4 22. Qf2 a5 23. Bc2 Rb8 24. a3 Rfd8 25. Nc7 Qxe3 26. Qxh4 Bg5 27. Qf2 Qxf2 28. Rxf2 Bc4 29. g3 Be3 30. Rg2 Ne6 31. Nd5 Bxd5 32. exd5 Nc7 33. Re1 Ba7 34. Rd1 b4 35. cxb4 axb4 36. a4 b3 37. Bb1 Rb4 38. a5 Na6 39. Rgd2 Bd4 40. Bd3 Nc5 41. Be4 Ra8 42. Bb1 Rxa5 43. f4 f5 44. fxe5 Bxe5 45. Kg2 Ne4 46. Bxe4 Rxe4 47. Rc1 Kf6 48. h4 Rd4 49. Re2 Raxd5 50. Rc7 Rd2 51. Kf3 Rxe2 52. Kxe2 Rb5 0-1


[Site "https://www.chess.com"]

[Event "Titled Tuesday Blitz February 14 Early 2023"]
[White "Valle Maytin, Luis Enrique"]
[Black "Gharamian, Tigran"]
[WhiteFideId "3503666"]
[BlackFideId "13301527"]
[WhiteElo "2241"]
[BlackElo "2601"]
[Result "0-1"]
[Round "03"]
[TimeControl "180+2"]
[Date "2023.02.15"]
[WhiteClock "0:01:16"]
[BlackClock "0:02:24"]

1. e4 c6 2. d4 d5 3. e5 c5 4. dxc5 Nc6 5. Nf3 Bg4 6. Bb5 Qa5+ 7. Nc3 e6 8. Be3 Ne7 9. a3 O-O-O 10. b4 Bxf3 11. gxf3 Qc7 12. Bd4 Nxd4 13. Qxd4 Nf5 14. Qf4 g5 15. Qxg5 Qxe5+ 16. Kd2 Bh6 17. Qxh6 Nxh6 18. Ne2 0-1


[Site "https://www.chess.com"]

[Event "Titled Tuesday Blitz February 14 Early 2023"]
[White "Hrabinska, Myroslava"]
[Black "Grunberg, Mihai-Lucian"]
[WhiteFideId "14109190"]
[BlackFideId "1204149"]
[WhiteElo "2210"]
[BlackElo "2401"]
[Result "0-1"]
[Round "03"]
[TimeControl "180+2"]
[Date "2023.02.15"]
[WhiteClock "0:00:16"]
[BlackClock "0:01:43"]

1. e4 c5 2. b4 b6 3. bxc5 bxc5 4. Nc3 Nc6 5. Rb1 g6 6. Nf3 Bg7 7. Bc4 Nf6 8. O-O O-O 9. Re1 d6 10. d4 cxd4 11. Nxd4 Bd7 12. Nf3 Rc8 13. Ba6 Rb8 14. Rb3 Qa5 15. Bc4 Rxb3 16. axb3 Qxc3 17. Be3 Ng4 18. Bg5 Nge5 19. Nxe5 Qxe5 20. Bh4 Qd4 21. Qe2 Ne5 22. Bd5 e6 23. Bc4 Nxc4 24. bxc4 Rc8 0-1


[Site "https://www.chess.com"]

[Event "Titled Tuesday Blitz February 14 Early 2023"]
[White "Willathgamuwa, Kevin"]
[Black "Gatterer, Florian"]
[WhiteFideId "3214168"]
[BlackFideId "811688"]
[WhiteElo "2062"]
[BlackElo "2170"]
[Result "1/2-1/2"]
[Round "03"]
[TimeControl "180+2"]
[Date "2023.02.15"]
[WhiteClock "0:00:16"]
[BlackClock "0:01:11"]

1. e4 c6 2. Nc3 d5 3. d4 dxe4 4. Nxe4 Bf5 5. Ng3 Bg6 6. h4 h6 7. Nf3 Nd7 8. h5 Bh7 9. Bd3 Bxd3 10. Qxd3 e6 11. Bd2 Ngf6 12. O-O-O Be7 13. Ne4 Nxe4 14. Qxe4 Nf6 15. Qe2 Qd5 16. c4 Qe4 17. Qxe4 Nxe4 18. Be3 f5 19. Ne5 f4 20. f3 fxe3 21. fxe4 O-O 22. Ng6 Rf7 23. Rdf1 Bg5 24. Rxf7 Kxf7 25. Rf1+ Kg8 26. Kd1 Rd8 27. Ke2 Re8 28. b3 Rd8 29. Rf3 Re8 30. Kd3 Rd8 31. Rf1 Re8 32. a4 a6 33. Ke2 Rd8 34. a5 Re8 35. b4 Rc8 36. Kd3 Rd8 37. Rf3 Rc8 38. Rf1 Rd8 39. Rf3 Rc8 40. Ke2 Rd8 41. Kd3 1/2-1/2


[Site "https://www.chess.com"]

[Event "Titled Tuesday Blitz February 14 Early 2023"]
[White "Mendez Machado, Andre"]
[Black "Ansh M Shah"]
[WhiteFideId "6603793"]
[BlackFideId "25033379"]
[WhiteElo "1974"]
[BlackElo "2171"]
[Result "0-1"]
[Round "03"]
[TimeControl "180+2"]
[Date "2023.02.15"]
[WhiteClock "0:00:03"]
[BlackClock "0:00:20"]

1. e4 c6 2. d4 d5 3. f3 dxe4 4. fxe4 e5 5. Nf3 Bg4 6. Bc4 Nd7 7. O-O Ngf6 8. c3 Bd6 9. Qb3 O-O 10. Qxb7 Bxf3 11. gxf3 Rb8 12. Qxc6 exd4 13. Qxd6 dxc3 14. Nxc3 Rb6 15. Qd1 Qb8 16. f4 Rb4 17. Bd5 Nxd5 18. Qxd5 Nf6 19. Qe5 Qb6+ 20. Kh1 Re8 21. Nd5 Rxe5 22. Nxb6 Rexe4 23. Nc8 Re2 24. h3 Rc4 25. Nd6 Rcc2 26. Rd1 g6 27. Nb5 Rh2+ 28. Kg1 Rcg2+ 29. Kf1 Ne4 30. Be3 Ng3+ 31. Ke1 Rh1+ 0-1


[Site "https://www.chess.com"]

[Event "Titled Tuesday Blitz February 14 Early 2023"]
[White "Smith, Garrett L"]
[Black "Papp, Petra"]
[WhiteFideId "2024829"]
[BlackFideId "739049"]
[WhiteElo "2047"]
[BlackElo "2343"]
[Result "1-0"]
[Round "03"]
[TimeControl "180+2"]
[Date "2023.02.15"]
[WhiteClock "0:00:11"]
[BlackClock "0:00:02"]

1. e4 e5 2. Nf3 Nc6 3. Bc4 Nf6 4. Ng5 d5 5. exd5 Na5 6. Bb5+ c6 7. dxc6 bxc6 8. Bd3 h6 9. Ne4 Nd5 10. O-O Nf4 11. Ng3 Nxd3 12. cxd3 Bd6 13. b3 O-O 14. Bb2 f5 15. Qh5 Qf6 16. Re1 Ba6 17. Qf3 Rad8 18. Na3 Bxa3 19. Bxa3 Rxd3 20. Qh5 Rf7 21. Rac1 Nb7 22. Re3 Rxd2 23. Rec3 Bb5 24. Bb4 e4 25. a4 Bd3 26. Rxc6 Qd4 27. Bxd2 Nd6 28. Be3 Qd5 29. Qg6 Ne8 30. Nh5 Rf8 31. Rc8 Qe5 32. g3 Be2 33. Nf4 Bf3 34. Bc5 1-0


[Site "https://www.chess.com"]

[Event "Titled Tuesday Blitz February 14 Early 2023"]
[White "Dylag, Emilia"]
[Black "Silvestre, Christian"]
[WhiteFideId "21805172"]
[BlackFideId "30956269"]
[WhiteElo "2095"]
[BlackElo "1942"]
[Result "0-1"]
[Round "03"]
[TimeControl "180+2"]
[Date "2023.02.15"]
[WhiteClock "0:00:07"]
[BlackClock "0:00:09"]

1. d4 e5 2. dxe5 Nc6 3. Nf3 Qe7 4. Qd5 Nb4 5. Qc4 b5 6. Qb3 Rb8 7. Bf4 a5 8. c3 Nc6 9. e3 h6 10. Be2 g5 11. Bg3 g4 12. Nd4 Nxe5 13. O-O d6 14. Nd2 Bd7 15. Qc2 c5 16. Nf5 Qf6 17. e4 Ne7 18. Bh4 Qg6 19. Nxe7 Bxe7 20. Bxe7 Kxe7 21. f4 gxf3 22. Nxf3 Rhg8 23. Bd1 Ng4 24. Qd2 Bc6 25. h3 Ne3 26. Rf2 Nc4 27. Qe2 Qxe4 28. Qf1 Kd7 29. Bc2 Qe7 30. Rd1 Kc7 31. Re1 Qd7 32. Qe2 Qxh3 33. b3 Ne5 34. Nxe5 dxe5 35. Be4 Bxe4 36. Qxe4 Qg3 37. Qxe5+ Qxe5 38. Rxe5 Kd6 39. Ref5 Rb7 40. Rf6+ Ke5 41. Rxh6 Rg6 42. Rh5+ Ke6 43. Rh3 Kd6 44. Re3 Re6 45. Rd2+ Kc6 46. Rf3 Rd7 47. Rdf2 Ree7 48. g3 c4 49. Kg2 Rd3 50. bxc4 bxc4 51. Rf4 Kc5 52. Rf5+ Rd5 53. R5f3 Re4 54. Rb2 Rd3 55. Rb7 Re2+ 56. Rf2 Rxf2+ 57. Kxf2 Rd2+ 58. Ke1 Rxa2 59. Rxf7 Rg2 60. Rg7 Kb5 61. g4 a4 62. g5 a3 63. Ra7 a2 64. Kf1 Rb2 65. g6 Rb1+ 66. Kf2 a1=Q 67. Rxa1 Rxa1 68. g7 Ra8 0-1


[Site "https://www.chess.com"]

[Event "Titled Tuesday Blitz February 14 Early 2023"]
[White "Iljin, Timofey"]
[Black "Ardila, Oscar Humberto"]
[WhiteFideId "14110180"]
[BlackFideId "4404742"]
[WhiteElo "2329"]
[BlackElo "1982"]
[Result "1-0"]
[Round "03"]
[TimeControl "180+2"]
[Date "2023.02.15"]
[WhiteClock "0:00:28"]
[BlackClock "0:00:13"]

1. e4 e5 2. Nf3 Nf6 3. Bc4 Nxe4 4. O-O d5 5. Bb3 Be7 6. Nxe5 O-O 7. d3 Nf6 8. Bg5 Nbd7 9. Nxd7 Qxd7 10. Nc3 c6 11. Re1 Re8 12. Ne2 h6 13. Bf4 Qf5 14. Bg3 Bd7 15. Nd4 Qg6 16. c4 Bc5 17. Ne2 Bb4 18. Nc3 Rxe1+ 19. Qxe1 Qxd3 20. Rd1 Bxc3 21. bxc3 Qe4 22. Qxe4 dxe4 23. Be5 Bg4 24. Rd6 Ne8 25. Rd4 Bf5 26. c5 Nf6 27. Rd6 Ng4 28. Bd4 Re8 29. h3 e3 30. fxe3 Nxe3 31. g4 Bg6 32. Rd7 h5 33. Kf2 hxg4 34. Bxe3 gxh3 35. Bf4 Re4 36. Bd6 Rg4 37. Rxb7 Rg2+ 38. Kf3 h2 39. Kxg2 1-0


[Site "https://www.chess.com"]

[Event "Titled Tuesday Blitz February 14 Early 2023"]
[White "Boder, Jan"]
[Black "SicilianPanzer"]
[WhiteFideId "16243226"]
[WhiteElo "2294"]
[BlackElo "2240"]
[Result "0-1"]
[Round "03"]
[TimeControl "180+2"]
[Date "2023.02.15"]
[WhiteClock "0:00:12"]
[BlackClock "0:00:03"]

1. c4 e6 2. g3 Nf6 3. Bg2 a6 4. Nf3 b5 5. O-O Bb7 6. Qb3 Be7 7. cxb5 axb5 8. Qxb5 Ba6 9. Qb3 Bxe2 10. Re1 Ba6 11. Ne5 Ra7 12. d4 O-O 13. Nc3 d6 14. Nf3 d5 15. Ne5 c5 16. Be3 Rb7 17. Qc2 cxd4 18. Bxd4 Qd6 19. a3 Nc6 20. Nxc6 Qxc6 21. b4 Rc8 22. Rac1 Bc4 23. Qb2 Rcb8 24. Nd1 Qa4 25. Ne3 Bd3 26. Be5 Ra8 27. Rc3 Be4 28. Rec1 Bxg2 29. Rc8+ Rxc8 30. Rxc8+ Bf8 31. Kxg2 Qd7 32. Ra8 d4 33. Qxd4 Qc6+ 34. Kg1 Rd7 35. Qb2 Qxa8 36. Bxf6 gxf6 37. Qxf6 Bg7 38. Qg5 Qxa3 39. h4 Qa1+ 40. Kh2 Rd2 41. Qf4 Qf6 42. Qxf6 Bxf6 43. Ng4 Bg7 44. Kg2 h5 45. Nh2 Rb2 46. b5 Rxb5 47. Nf3 Kh7 48. Ng5+ Kg6 49. Nh3 Bh6 50. Kf3 e5 51. Ke4 Kf6 52. f3 Ke6 53. Nf2 f5+ 54. Kd3 Rb2 55. Nh3 Rh2 56. Ng1 Rg2 57. Ne2 Rxe2 58. Kxe2 Kd5 59. Kd3 e4+ 60. fxe4+ fxe4+ 61. Ke2 Ke5 62. Kf2 Kf5 63. Ke2 Kg4 64. Kf2 e3+ 65. Kg2 Bg7 66. Kh2 Bc3 67. Kg2 e2 68. Kh2 e1=Q 69. Kg2 Qxg3+ 70. Kh1 Qe1+ 71. Kg2 Qe2+ 72. Kh1 Kg3 73. Kg1 Qg2# 0-1


[Site "https://www.chess.com"]

[Event "Titled Tuesday Blitz February 14 Early 2023"]
[White "Lorenzo De La Riva, Lazaro"]
[Black "Bashylina, Luisa"]
[WhiteFideId "2268809"]
[BlackFideId "12983292"]
[WhiteElo "2404"]
[BlackElo "2103"]
[Result "1-0"]
[Round "03"]
[TimeControl "180+2"]
[Date "2023.02.15"]
[WhiteClock "0:00:41"]
[BlackClock "0:00:11"]

1. d4 d6 2. Nd2 g6 3. e4 Bg7 4. c3 c5 5. Ngf3 e6 6. Bb5+ Bd7 7. a4 Ne7 8. O-O a6 9. Be2 O-O 10. a5 Bc6 11. Re1 Nd7 12. Bf1 b5 13. axb6 Nxb6 14. Rxa6 Rxa6 15. Bxa6 Qa8 16. Bd3 Rb8 17. dxc5 dxc5 18. Qe2 Na4 19. Nc4 Rd8 20. Nfe5 Bb5 21. Qf3 f6 22. Ng4 f5 23. Nge5 Qb8 24. exf5 exf5 25. Bf4 Qa7 26. Bg5 Bxe5 27. Rxe5 Nc6 28. Bxd8 Nxe5 29. Nxe5 Bxd3 30. Qxd3 Nxb2 31. Qd5+ Kg7 32. h4 Qa1+ 33. Kh2 Qa7 34. Qd6 Na4 35. Bf6+ Kh6 36. Qf8+ Kh5 37. Bg5 1-0


[Site "https://www.chess.com"]

[Event "Titled Tuesday Blitz February 14 Early 2023"]
[White "Topalov, Aleksandar"]
[Black "Smietanska, Wiktoria"]
[WhiteFideId "925659"]
[BlackFideId "21869359"]
[WhiteElo "2233"]
[BlackElo "1936"]
[Result "0-1"]
[Round "03"]
[TimeControl "180+2"]
[Date "2023.02.15"]
[WhiteClock "0:02:06"]
[BlackClock "0:00:48"]

1. b3 e5 2. Bb2 Nc6 3. c4 Nf6 4. e3 d5 5. cxd5 Nxd5 6. a3 Be6 7. Qc2 Qd7 8. Nf3 Bd6 9. d3 O-O 10. Nbd2 a5 11. Be2 Rad8 12. O-O f6 13. Rfd1 Qe7 14. Ne4 Bf7 15. Ng3 Bc5 16. d4 exd4 17. Nxd4 Nxd4 18. Bxd4 Bxd4 19. Rxd4 Nxe3 0-1


[Site "https://www.chess.com"]

[Event "Titled Tuesday Blitz February 14 Early 2023"]
[White "Kanyamarala, Trisha"]
[Black "lisjakzlatko1"]
[WhiteFideId "45004722"]
[WhiteElo "2278"]
[BlackElo "2220"]
[Result "1-0"]
[Round "03"]
[TimeControl "180+2"]
[Date "2023.02.15"]
[WhiteClock "0:01:18"]
[BlackClock "0:00:02"]

1. d4 d5 2. c4 Nc6 3. e3 Nf6 4. Nf3 Bg4 5. Nc3 e6 6. Bd3 e5 7. dxe5 Nxe5 8. Be2 Bxf3 9. Bxf3 Nxf3+ 10. Qxf3 Bb4 11. Bd2 O-O 12. cxd5 c6 13. dxc6 bxc6 14. Rd1 Qb6 15. O-O Qa6 16. a3 Bxc3 17. Bxc3 Nd5 18. Bd4 Rfe8 19. Qg3 g6 20. Rfe1 1-0


[Site "https://www.chess.com"]

[Event "Titled Tuesday Blitz February 14 Early 2023"]
[White "Avazkhonov, Alikhon"]
[Black "Korpics, Zsolt"]
[WhiteFideId "14208504"]
[BlackFideId "705241"]
[WhiteElo "1538"]
[BlackElo "2300"]
[Result "1-0"]
[Round "03"]
[TimeControl "180+2"]
[Date "2023.02.15"]
[WhiteClock "0:01:25"]
[BlackClock "0:01:06"]

1. d4 Nf6 2. c4 e6 3. Nc3 Bb4 4. e3 O-O 5. Bd2 c5 6. a3 Bxc3 7. Bxc3 Ne4 8. Ne2 d5 9. cxd5 Qxd5 10. Rc1 Nc6 11. dxc5 Qxd1+ 12. Rxd1 Nxc5 13. Nd4 Bd7 14. Bc4 Ne4 15. Nxc6 Bxc6 16. Bb4 Rfd8 17. O-O 1-0


[Site "https://www.chess.com"]

[Event "Titled Tuesday Blitz February 14 Early 2023"]
[White "mestrefeitosa19"]
[Black "Mouhamad, Joachim"]
[BlackFideId "656410"]
[WhiteElo "2211"]
[BlackElo "2238"]
[Result "0-1"]
[Round "03"]
[TimeControl "180+2"]
[Date "2023.02.15"]
[WhiteClock "0:00:08"]
[BlackClock "0:00:02"]

1. c4 e5 2. Nc3 Nf6 3. Nf3 d5 4. cxd5 Bd6 5. e4 O-O 6. Be2 c6 7. dxc6 Nxc6 8. O-O Bg4 9. d3 h6 10. h3 Bxf3 11. Bxf3 Nd4 12. Be3 Bc5 13. a3 a5 14. Rc1 Ba7 15. Bxd4 Bxd4 16. Qb3 Qd7 17. Ne2 a4 18. Qb4 Rfd8 19. Nxd4 Qxd4 20. Qxd4 Rxd4 21. Be2 b5 22. Rc5 b4 23. Rxe5 bxa3 24. bxa3 Rb8 25. Ra1 Rb2 26. Bd1 Rxd3 27. Bxa4 Rdd2 28. Rf1 Ra2 29. Re7 Rxa3 30. Bd1 Kf8 31. Re5 Rd4 32. Bf3 Nd7 33. Rd5 Rxd5 34. exd5 Ke7 35. Re1+ Kd6 36. Rc1 Nc5 37. Rb1 f5 38. Rb6+ Ke5 39. Rg6 Ra7 40. Rc6 Nd7 41. Re6+ Kd4 42. Re7 g5 43. d6 Kc5 44. Rh7 Kxd6 45. Rxh6+ Ke5 46. Rg6 Kf4 47. Bc6 Nb8 48. g3+ Ke5 49. Bf3 Ra3 50. Kg2 Nd7 51. Rxg5 Kf6 52. Rh5 Ne5 53. Be2 Ra2 54. Bf3 Nd3 55. Bb7 Rxf2+ 56. Kg1 Rb2 57. Rh6+ Ke5 58. Rh7 Kd4 59. Rd7+ Ke3 60. h4 Nf2 61. Kg2 Ng4+ 62. Kh3 Rh2# 0-1


[Site "https://www.chess.com"]